 Dungeon Crawl Stone Soup version 0.16.1-2-g95b8d4c (console) character file.

375 gw the Chopper (level 6, -4/56 HPs)
             Began as a Hill Orc Fighter on Mar 25, 2015.
             Was an Initiate of Beogh.
             Slain by Prince Ribbit (7 damage)
             ... on level 4 of the Dungeon.
             The game lasted 00:05:49 (4551 turns).

gw the Chopper (Hill Orc Fighter)                   Turns: 4551, Time: 00:05:49

Health: -4/56      AC: 12    Str: 19    XL:     6   Next: 72%
Magic:  6/6        EV:  7    Int:  8    God:    Beogh [......]
Gold:   231        SH:  9    Dex: 12    Spells: 0 memorised, 5 levels left

rFire  . . .     SeeInvis +     a - +1 war axe
rCold  + . .     Clarity  .     b - +0 scale mail
rNeg   . . .     SustAb   .     c - +0 shield
rPois  .         Gourm    .     (no helmet)
rElec  .         Spirit   .     n - +0 cloak (curse)
rCorr  .         Warding  .     (no gloves)
rMut   .         Stasis   .     (no boots)
MR     .....                    (no amulet)
Stlth  ..........               (no ring)
                                f - ring of see invisible

@: not resistant to hostile enchantments, extremely unstealthy
A: iridescent scales 1, cold resistance 1, high mp 1
a: Renounce Religion


You were on level 4 of the Dungeon.
You worshipped Beogh.
Beogh was noncommittal.
You were hungry.

You visited 1 branch of the dungeon, and saw 4 of its levels.

You collected 231 gold pieces.

Inventory:

Hand weapons
 a - a +1 war axe (weapon)
Missiles
 g - 155 stones (quivered)
 m - 66 poisoned needles
Armour
 b - a +0 scale mail (worn)
 c - a +0 shield (worn)
 n - a cursed +0 cloak (worn)
Jewellery
 f - a ring of see invisible (left hand)
Scrolls
 e - 3 scrolls of remove curse
 h - a scroll of immolation {unknown}
 i - 3 scrolls of identify
Potions
 l - a potion of invisibility {unknown}
 p - a potion of curing
Comestibles
 d - 2 meat rations
 k - 4 bread rations


   Skills:
 + Level 5.0 Fighting
 * Level 5.9 Axes
 + Level 2.1 Throwing
 + Level 4.5 Armour
 + Level 4.1 Shields


You had 5 spell levels left.
You didn't know any spells.

Dungeon Overview and Level Annotations

Branches:
Dungeon (4/15)
 Temple: D:4-7

Altars:

Annotations:
D:4 Prince Ribbit


Innate Abilities, Weirdness & Mutations

You are partially covered in iridescent scales (AC +4).
Your flesh is cold resistant.
You have an increased reservoir of magic (+10% MP).


Message History

Prince Ribbit is heavily wounded.
Prince Ribbit hits you but does no damage.
Prince Ribbit hits you.
Unknown command.
Unknown command.
Unknown command.
Unknown command.
ATTACKING (1,-1)
You miss Prince Ribbit.
Prince Ribbit is heavily wounded.
Prince Ribbit completely misses you.
Unknown command.
Unknown command.
Unknown command.
Unknown command.
ATTACKING (1,-1)
You closely miss Prince Ribbit.
Prince Ribbit is heavily wounded.
Prince Ribbit hits you! x2
You die...

....# .#~~#...#.....###'#....#
......###~~~~###..###+##..#....#
........~~~~~~.....((..#..'....#
...... ~~~~~~.......(.#..#....#
##....###~~~~###...(...+..#....#
.#...#...#~~#...#......##+#....#
.#...#.}.#~~#.}.#..........#####
.#...#...#~~#..%#F......)..#
.#....###~.)~###o.......(..#
.'.........................#
.#.........................#
.#...#.....##'###..........#
##+#####'###....#..........#
.).....#...((...'..........#####
.......#..##....#..............#
.......#..####+##..............#
.......#..'.....#..............#


You could see Prince Ribbit.

Table legend:
 A = Turns spent in this place as a percentage of turns spent in the entire game.
 B = Non-inter-level travel turns spent in this place as a percentage of non-inter-level travel turns spent in the entire game.
 C = Inter-level travel turns spent in this place as a percentage of turns spent in this place.
 D = Turns resting spent in this place as a percentage of non-inter-level travel turns spent in this place.
 E = Turns spent auto-exploring this place as a percentage of non-inter-level travel turns spent in this place.
 F = Non-inter-level travel turns spent in this place divided by the number of levels of this place that you've seen.
                   A       B       C       D       E      F
               +-------+-------+-------+-------+-------+----------------------
         Total | 100.0 | 100.0 |   0.4 |   1.0 |   2.4 | 1654.8
       Dungeon | 100.0 | 100.0 |   0.4 |   1.0 |   2.4 | 1654.8
               +-------+-------+-------+-------+-------+----------------------

Table legend:
 A = Kills in this place as a percentage of kills in entire the game.
 B = Kills by you in this place as a percentage of kills by you in the entire game.
 C = Kills by friends in this place as a percentage of kills by friends in the entire game.
 D = Other kills in this place as a percentage of other kills in the entire game.
 E = Experience gained in this place as a percentage of experience gained in the entire game.
 F = Experience gained in this place divided by the number of levels of this place that you have seen.
                   A       B       C       D       E      F
               +-------+-------+-------+-------+-------+----------------------
         Total | 100.0 | 100.0 |  -nan | 100.0 | 100.0 | 134.0
       Dungeon | 100.0 | 100.0 |  -nan | 100.0 | 100.0 | 134.0
               +-------+-------+-------+-------+-------+----------------------

Vanquished Creatures
  A hound (D:4)
  Crazy Yiuf (D:4)
  2 orc wizards (D:3)
  Jessica (D:2)
  6 adders
  2 giant mites
  5 worms
  2 adder skeletons (D:4)
  5 giant geckos
  5 orcs
  2 ball pythons
  A bat skeleton (D:4)
  4 giant cockroaches
  6 goblins
  9 hobgoblins
  3 jackals (D:4)
  6 bats
  A giant newt (D:3)
  9 kobolds
  A quokka (D:3)
  A quokka skeleton (D:4)
  11 rats
84 creatures vanquished.

Vanquished Creatures (others)
  Menkaure (D:4)
  2 orcs (D:4)
  A bat skeleton (D:4)
4 creatures vanquished.

Grand Total: 88 creatures vanquished

Notes
Turn   | Place    | Note
--------------------------------------------------------------
     0 | D:1      | gw, the Hill Orc Fighter, began the quest for the Orb.
     0 | D:1      | Reached XP level 1. HP: 19/19 MP: 1/1
   227 | D:1      | Reached XP level 2. HP: 26/26 MP: 2/2
   373 | D:1      | Reached skill level 1 in Throwing
   891 | D:1      | You fall through a shaft!
   934 | D:2      | Reached XP level 3. HP: 30/33 MP: 3/3
  1570 | D:2      | Noticed Jessica
  1584 | D:2      | Killed Jessica
  1584 | D:2      | Reached skill level 4 in Armour
  1584 | D:2      | Reached XP level 4. HP: 40/40 MP: 4/4
  2041 | D:2      | Gained mutation: You have an increased reservoir of magic (+10% MP). [potion of mutation]
  2041 | D:2      | Gained mutation: Your flesh is cold resistant. [potion of mutation]
  2041 | D:2      | Gained mutation: You are partially covered in iridescent scales (AC +4). [potion of mutation]
  2357 | D:3      | Reached XP level 5. HP: 41/46 MP: 5/5
  2473 | D:3      | Reached skill level 5 in Axes
  3234 | D:4      | Noticed Prince Ribbit
  3526 | D:4      | Reached XP level 6. HP: 53/53 MP: 6/6
  3597 | D:4      | Noticed Crazy Yiuf
  3603 | D:4      | Killed Crazy Yiuf
  3731 | D:4      | Became a worshipper of Beogh the Brigand
  3937 | D:4      | Noticed Menkaure
  4021 | D:4      | Killed Menkaure
  4021 | D:4      | Reached skill level 5 in Fighting
  4551 | D:4      | Slain by Prince Ribbit

Action                   |  1- 3 |  4- 6 || total
-------------------------+-------+-------++-------
Melee: War axe           |    79 |   123 ||   202
Throw: Stone             |   101 |    54 ||   155
       Tomahawk          |       |    65 ||    65
Invok: Convert to Beogh  |       |     1 ||     1
  Use: Scroll            |       |    12 ||    12
       Potion            |       |     4 ||     4
  Eat: Chunk             |     2 |     9 ||    11

Vault maps used:
D:1:      minmay_arrival_radiant_lines, minmay_box_of_dots
D:2:      uniq_jessica
D:4:      fountainhead, uniq_prince_ribbit1, uniq_menkaure,
          uniq_crazy_yiuf_cottage
